 Dungeon Crawl Stone Soup version 0.30.1-4-g462c640d31 (webtiles) character file.

Game seed: 3483344063363197810

185 spardeous the Conjurer (level 5, -2/38 HPs)
             Began as a Demigod Conjurer on Aug 18, 2023.
             Shot with a bolt by an orc warrior (13 damage)
             ... in a bailey.
             The game lasted 00:04:27 (4182 turns).

spardeous the Conjurer (Demigod Conjurer)           Turns: 4182, Time: 00:04:28

Health: -2/38      AC:  8    Str: 12    XL:     5   Next: 14%
Magic:  8/10       EV: 16    Int: 20    God:
Gold:   91         SH:  0    Dex: 12    Spells: 0/7 levels left

rFire   . . .        x - +0 war axe
rCold   + . .        (no shield)
rNeg    . . .        y - +2 leather armour {rC+}
rPois   .            g - +0 helmet
rElec   .            (no cloak)
rCorr   .            d - +0 pair of gloves
SInv    .            z - +0 pair of boots
Will    .....        (no amulet)
Stlth   ++           v - +5 ring of evasion
HPRegen 0.26/turn    (no ring)
MPRegen 0.12/turn

%: no passive effects
@: no status effects
A: high MP 1, forlorn, divine attributes
a: no special abilities


You were in a bailey.
You visited 1 branch of the dungeon, and saw 5 of its levels.
You also visited: Bailey.

You collected 177 gold pieces.
You spent 86 gold pieces at shops.

Inventory:

Hand Weapons
 x - a +0 war axe (weapon)
Armour
 a - a +0 robe
 d - a +0 pair of gloves (worn)
 f - a +0 ring mail
 g - a +0 helmet (worn)
 y - a +2 leather armour of cold resistance (worn)
 z - a +0 pair of boots (worn)
 C - a scarf of shadows
Jewellery
 v - a +5 ring of evasion (left hand)
Scrolls
 e - a scroll of butterflies {unknown}
 j - 7 scrolls of identify {unknown}
 m - 2 scrolls of enchant weapon {unknown}
 p - 2 scrolls of fog {unknown}
 r - a scroll of blinking {unknown}
 s - 3 scrolls of teleportation {unknown}
 t - 2 scrolls of magic mapping {unknown}
 u - a scroll of poison {unknown}
 A - a scroll of amnesia {unknown}
Potions
 b - a potion of magic
 c - 2 potions of attraction {unknown}
 h - 2 potions of brilliance {unknown}
 i - 3 potions of heal wounds
 k - a potion of might {unknown}
 l - 2 potions of mutation {unknown}
 n - a potion of lignification {unknown}
 o - 3 potions of curing {unknown}
 q - 3 potions of ambrosia {unknown}
 w - a potion of degeneration {unknown}
 B - a potion of resistance {unknown}


   Skills:
 - Level 1.7 Dodging
 - Level 1.7 Stealth
 - Level 1.7 Spellcasting
 + Level 6.1 Conjurations


You couldn't memorise any spells.
You knew the following spells:

 Your Spells              Type           Power      Damage    Failure   Level
a - Magic Dart            Conj           100%       1d8       1%          1
b - Searing Ray           Conj           52%        2d6       2%          2
c - Iskenderun's Mystic   Conj/Tloc      14%        2d5       50%         4

Your spell library contained the following spells:

 Spells                   Type           Power      Damage    Failure   Level
 Dazzling Flash           Conj/Hex       28%        N/A       17%         3
 Apportation              Tloc           2%         N/A       21%         1
 Necrotise                Necr           4%         1d4       21%         1
 Summon Small Mammal      Summ           4%         N/A       21%         1
 Fulminant Prism          Conj/Hex       7%         3d7       50%         4


Dungeon Overview and Level Annotations

Branches:
Dungeon (7/15)             Temple (0/1) D:4          Bailey (1/1)

Shops:
D:1 =   D:4 *

Annotations:
D:2 Terence


Innate Abilities, Weirdness & Mutations

You have an increased reservoir of magic. (+10% MP)
You shall have no god before yourself.
Your divine heritage dramatically boosts your attributes as you level up.


Message History

An orc comes into view. It is wielding a +0 arbalest.
The orc shouts!
Found a gate leading back out of this place.
The orc shoots a bolt.
The bolt barely misses you.
The orc shoots a bolt.
The bolt hits you but does no damage.
The orc warrior shoots a bolt.
The bolt completely misses you.
The orc shoots a bolt.
The bolt closely misses you.
The orc shoots a bolt.
The bolt completely misses you.
The orc shoots a bolt.
The bolt barely misses you.
The orc shoots a bolt.
The bolt misses you.
The orc shoots a bolt.
The bolt barely misses you.
The orc shoots a bolt.
The bolt hits you but does no damage.
The orc shoots a bolt.
The bolt misses you.
The orc shoots a bolt.
The bolt barely misses you.
The orc shoots a bolt.
The bolt closely misses you.
The orc shoots a bolt.
The bolt hits you but does no damage.
The orc shoots a bolt.
The bolt barely misses you.
The orc shoots a bolt.
The bolt barely misses you.
An orc comes into view. It is wielding a +0 arbalest.
The orc shouts!
You hear a shout! x2
The orc moves out of view.
An orc warrior comes into view. It is wielding a +0 arbalest.
The orc shoots a bolt.
The bolt hits you!
* * * LOW HITPOINT WARNING * * *
You hear a shout!
You take 11 damage, and have 13/38 hp.
MASSIVE DAMAGE!!
The orc shoots a bolt.
The bolt misses you.
You hear a shout!
Found a gate leading back out of this place.
The orc shoots a bolt.
The bolt misses you.
The orc shoots a bolt.
The bolt hits you but does no damage.
An orc comes into view. It is wielding a +0 arbalest.
The orc shoots a bolt.
The bolt hits you.
* * * LOW HITPOINT WARNING * * *
The orc moves out of view.
An orc warrior comes into view. It is wielding a +0 arbalest.
You take 4 damage, and have 10/38 hp.
The orc shoots a bolt.
The bolt completely misses you.
The orc warrior shoots a bolt.
The bolt hits you!
You die...

###############
.......@.....∩#
..............#
..............#
..............#
...≈≈≈≈≈......#
..≈≈###≈≈.....#
..≈##.##≈.....#
... o.o#≈ooo..#
# .##≈.....#


You could see an orc warrior and 3 orcs.

Vanquished Creatures
  A hound (D:4)
  An orc priest (D:4)
  An iguana (D:4)
  3 adders
  2 worms
  6 orcs
  6 bats
  7 endoplasms
  3 giant cockroaches (D:1)
  2 goblins
  7 hobgoblins
  2 jackals (D:4)
  3 kobolds
  3 quokkas
  9 ball pythons
  5 frilled lizards
  3 rats
64 creatures vanquished.

Notes
Turn   | Place    | Note
-------+----------+-------------------------------------------
     0 | D:1      | spardeous the Demigod Conjurer began the quest for the Orb.
     0 | D:1      | Reached XP level 1. HP: 14/14 MP: 5/5
   233 | D:1      | Reached skill level 4 in Conjurations
   449 | D:1      | Reached XP level 2. HP: 20/20 MP: 2/7
   731 | D:1      | Found Sasum's Jewellery Shoppe.
  1298 | D:2      | Reached XP level 3. HP: 26/26 MP: 4/8
  1782 | D:2      | Noticed Terence
  1812 | D:1      | Learned a level 2 spell: Searing Ray
  2248 | D:3      | Reached skill level 5 in Conjurations
  2994 | D:4      | Reached XP level 4. HP: 33/33 MP: 3/9
  3571 | D:4      | Reached skill level 6 in Conjurations
  3571 | D:4      | Reached XP level 5. HP: 25/38 MP: 0/10
  3816 | D:4      | Found Jych's Assorted Antiques.
  3842 | D:4      | Bought a scroll labelled FETUDU BEOLI for 18 gold pieces
  3842 | D:4      | Bought a scroll labelled TEP CIMIWA for 18 gold pieces
  3842 | D:4      | Bought a scroll labelled XIMUEQ PEWN for 18 gold pieces
  3842 | D:4      | Bought an inky potion for 16 gold pieces
  3842 | D:4      | Bought a fuming yellow potion for 16 gold pieces
  3870 | D:4      | Found a staircase to the Ecumenical Temple.
  3977 | D:4      | You fall into a shaft and drop 3 floors!
  4001 | D:7      | Learned a level 4 spell: Iskenderun's Mystic Blast
  4055 | D:7      | Found a flagged portal.
  4070 | Bailey   | Entered a bailey
  4105 | Bailey   | Noticed an orc warrior
  4140 | Bailey   | Noticed an orc warrior
  4144 | Bailey   | Noticed an orc warrior
  4169 | Bailey   | Noticed an orc warrior
  4178 | Bailey   | Noticed an orc warrior
  4182 | Bailey   | Shot with a bolt by an orc warrior

Illustrated notes

Levels and vault maps discovered:
D:1:      matt_arrival_grand_opening, layout_basic, serial_shops,
          nicolae_shop_gaudy_bauble, serial_curves, eino_curves_01,
          eino_curves_01, eino_curves_03
D:2:      layout_loops_corners, uniq_terence
D:3:      layout_basic, shapermc_ecumenical_altar_starsandcircs
D:4:      layout_basic, minmay_temple_entry_offerings, serial_shops,
          nicolae_shop_pleasant_corner_grove
D:7:      layout_rooms, enter_bailey_6
Bailey:   bailey_polearm_2, bailey

Skill      XL: |  1  2  3  4 |
---------------+-------------+-----
Conjurations   | 4 5 6 |  6.1
Dodging        | |  1.7
Stealth        | |  1.7
Spellcasting   | |  1.7

Action                     |  1- 3 |  4- 6 || total
---------------------------+-------+-------++-------
  Melee: Unarmed           |     8 |     3 ||    11
   Cast: Magic Dart        |   104 |    48 ||   152
         Searing Ray       |     1 |     5 ||     6
    Use: Potion            |       |     1 ||     1
 Armour: Robe              |     1 |       ||     1
         Ring mail         |    19 |     3 ||    22
         Leather armour    |       |    12 ||    12
  Dodge: Dodged            |    24 |    85 ||   109
